 Dungeon Crawl Stone Soup version 0.27-a0-836-gfc908b8576 (webtiles) character file.

Game seed: 13383509085316556318

49347 robertstho the Eclecticist (level 14, -8/101 HPs)
             Began as a Djinni Ice Elementalist on Mar 31, 2021.
             Was an Initiate of Gozag.
             Mangled by Urug
             ... wielding a +1 broad axe of freezing
              (12 damage)
             ... on level 2 of the Orcish Mines.
             The game lasted 00:50:13 (29772 turns).

robertstho the Eclecticist (DjIE)                  Turns: 29772, Time: 00:50:14

Health: -8/101     AC:  4    Str: 11    XL:     14   Next: 50%
Gold:   1669       EV: 18    Int: 22    God:    Gozag SH:  5 Dex: 14

rFire    + . .     SeeInvis +   O - +2 battleaxe (elec)
rCold    . . .     Faith    .   (shield currently unavailable)
rNeg     . . .     Spirit   .   l - +1 robe of Lilacs {Will++ Str+4 SInv}
rPois    ∞         Reflect  +   (no helmet)
rElec    .         Harm     .   W - scarf {+Inv}
rCorr    .         Rampage  .   P - +0 pair of gloves {archery}
Will     +++..                  (boots unavailable)
Stlth    +++.......             f - amulet of reflection
HPRegen  0.26/turn              i - ring of ice
MPRegen  0.00/turn              m - +4 ring of evasion

@: flying
A: fire resistance 2, cold vulnerability 1, float, innate caster, hp casting,
extra vitality 1
a: Renounce Religion, Evoke Invisibility, Potion Petition, Call Merchant, Bribe
Branch


You were on level 2 of the Orcish Mines.
You worshipped Gozag.
Gozag was most pleased with you.
You visited 4 branches of the dungeon, and saw 21 of its levels.
You also visited: Ossuary.

You collected 5575 gold pieces.
You spent 827 gold pieces at shops.
You paid 3079 gold pieces to Gozag.

Inventory:

Hand Weapons
 B - a +6 dagger of draining
 O - a +2 battleaxe of electrocution (weapon)
Armour
 a - a +1 robe of cold resistance
 k - a +0 robe of fire resistance
 l - the +1 robe of Lilacs (worn) {Will++ Str+4 SInv}
   (You bought it in a shop on level 11 of the Dungeon)

   It affects your strength (+4).
   It lets you see invisible.
   It greatly increases your willpower.
 P - a +0 pair of gloves of archery (worn)
 W - a scarf of invisibility (worn)
Jewellery
 b - a ring of positive energy
 f - an amulet of reflection (around neck)
 g - an amulet of regeneration
 i - a ring of ice (left hand)
 m - a +4 ring of evasion (right hand)
 w - a ring of willpower
 x - a ring of protection from fire
 I - an amulet of the acrobat
 M - a ring of fire
 N - a ring of protection from cold
 U - a +4 ring of protection
 V - a ring of resist corrosion
 X - a ring of protection from fire
Wands
 n - a wand of iceblast (14)
 s - a wand of acid (7)
 R - a wand of charming (6)
 T - a wand of mindburst (10)
Scrolls
 h - 4 scrolls of immolation
 j - 5 scrolls of fog
 p - a scroll of holy word
 t - 5 scrolls of teleportation
 v - a scroll of magic mapping
 F - 2 scrolls of fear {unknown}
 G - 2 scrolls of enchant armour
 K - 2 scrolls of blinking {unknown}
 L - a scroll of brand weapon {unknown}
 Y - 2 scrolls of acquirement {unknown}
Potions
 c - 11 potions of curing
 d - a potion of might
 e - a potion of heal wounds
 q - 4 potions of mutation
 r - 3 potions of berserk rage
 u - 3 potions of haste
 D - 3 potions of brilliance
 E - 3 potions of cancellation
 Q - 2 potions of invisibility
Miscellaneous
 Z - a box of beasts


   Skills:
 * Level 9.2 Fighting
 + Level 4.1 Short Blades
 + Level 2.2 Axes
 + Level 1.5 Staves
 + Level 5.3 Dodging
 + Level 4.6 Stealth
 + Level 3.6 Shields
 + Level 0.1 Unarmed Combat
 * Level 17.1 Spellcasting


You had 15 spell levels left.
You knew the following spells:

 Your Spells              Type           Power      Damage    Failure   Level
a - Freeze                Ice            100%       1d11      0%          1
b - Frozen Ramparts       Ice            100%       1d12      0%          3
c - Ozocubu's Armour      Ice            96%        N/A       0%          3
d - Hailstorm             Conj/Ice       96%        3d19      1%          4
e - Summon Ice Beast      Ice/Summ       96%        N/A       1%          4
f - Pain                  Necr           100%       1d9       0%          1
g - Passwall              Tmut/Erth      63%        N/A       0%          2
h - Poisonous Vapours     Pois/Air       100%       N/A       0%          2
i - Mephitic Cloud        Conj/Pois/Air  76%        N/A       0%          3
j - Ice Form              Ice/Tmut       96%        N/A       1%          4
k - Summon Forest         Summ/Tloc      38%        N/A       1%          5
Your spell library was empty.

Dungeon Overview and Level Annotations

Branches:
Dungeon (12/15)            Temple (1/1) D:4            Lair (6/6) D:11
  Swamp (0/4) Lair:2        Snake (0/4) Lair:3        Slime (0/5) Lair:5
    Orc (2/2) D:11            Elf (0/3) Orc:2       Ossuary (visited)

Altars:
Ashenzari
Cheibriados
Dithmenos
Elyvilon
Fedhas
Gozag
Hepliaklqana
Kikubaaqudgha
Makhleb
Nemelex Xobeh
Okawaru
Qazlal
Ru
Sif Muna
Trog
Uskayaw
Vehumet
Wu Jian
Xom
Yredelemnul
Zin
Beogh
Jiyva

Shops:
D:6 (   D:8 *   D:11 [!

Annotations:
Lair:1 exclusion: orange crystal statue
Lair:2 3 runed translucent doors, Fan Mut's ghost, journeyman GnFi
Orc:2 Urug


Innate Abilities, Weirdness & Mutations

You are immune to poison.
Your flesh is very heat resistant. (rF++)
You are vulnerable to cold. (rC-)
You float through the air rather than walking.
You learn spells naturally, not from books.
Your magical power is your life essence.
You have superior vitality. (+4 HP)


Message History

Press: ? - help, Dir - look around, f - activate You feel a surge of power!
A cannonade of hail descends around you!
The hail pelts the ogre!!!
You kill the ogre!
Your ice beast is unaffected.
You now have 1669 gold pieces (gained 9).
You see here a +0 giant spiked club.
You stumble into a teleport trap!
You are suddenly yanked towards some nearby monsters!
Your surroundings suddenly seem different.
Urug the Orcish Ballista comes into view.
She is wielding a +1 broad axe of freezing and carrying a wand of digging (7).
Urug shouts!
You hear a shout! x4
An orc comes into view. It is wielding a +0 whip.
An orc warrior comes into view. It is wielding a +0 dire flail.
Urug moves out of view.
You hear a shout! x2; The orc shouts!
Found 18 gold pieces.
Found a stone staircase leading up.
Casting: Hailstorm (safe; 1% risk of failure)
Confirm with . or Enter, or press ? or * to list all spells.
You feel a surge of power! A chill wind blows around you.
The orc warrior shouts!
An orc wizard comes into view. It is wielding a +0 dagger.
Casting: Summon Ice Beast (safe; 1% risk of failure)
Confirm with . or Enter, or press ? or * to list all spells.
You feel a surge of power! A chill wind blows around you.
* * * LOW HITPOINT WARNING * * *
Urug misses you.
Urug hits your ice beast with a +1 broad axe of freezing!
Urug hits your ice beast with a +1 broad axe of freezing.
Your ice beast hits Urug but does no damage.
Okay, then.
As you read the scroll of summoning, it crumbles to dust.
Wisps of shadow whirl around you... Something hits your ice beast.
The orc warrior hits your ice beast with a +0 dire flail!!
Urug hits you with a +1 broad axe of freezing!!
* * * LOW HITPOINT WARNING * * *
Urug freezes you!
You die...
Your body crumbles into a pile of gold.

.....Y......................$....
##.#)Y.....................$.....
*#######....#####################
***,*##Y...#* *** **,*
***,,,,*#.#.#.#* **,*### *,,,
,*,,,,*#...#$$.###,,<..#*******,,
,,,,**#...##..o#o##o....**,,***,,
,*,**#.....*#.#oooo..........##..
,,,,*#.....,,.##@o..........##...
,,,*,......,,o.##o..........#....
,,,*......$,,,##,YYo.............
,,,,,,,,,,,,,,,,,o.o.............
,,,*,,,,,,,,,,,,,................
,,,,,,,,**,,,,,,,......#.........
,,,,,,,,***,,,,,,....###........#
,,,,,,,,,*,,,,,,,....#..)........
,,,,,,,,,,,,,,,,,................


You could see Urug (ally target), an orc warrior (ally target), an orc, 2
friendly orc warriors, 3 friendly ice beasts, 2 friendly orc priests, 2 friendly
orc wizards and 3 friendly orcs.

Vanquished Creatures
  3 hydras
  2 two-headed ogres (D:10)
  3 death yaks (Lair:6)
  A lindwurm (Lair:6)
  Pikel (D:5)
  An ugly thing (D:11)
  2 orc knights (Orc:2)
  3 cyclopes
  3 oklob plants (Lair:4)
  8 elephants
  2 black mambas
  5 cane toads
  A gargoyle (D:12)
  6 komodo dragons
  3 trolls
  2 hornets
  2 polar bears (Lair:6)
  A tyrant leech (Lair:2)
  13 blink frogs
  A vampire (D:11)
  A shadow (D:11)
  2 spriggans (Lair:6)
  A wraith (D:8)
  14 yaks
  3 wyverns
  5 vampire mosquitoes
  Menkaure (D:5)
  6 wargs (Orc:2)
  2 nagas (Lair:3)
  A swamp worm (Lair:2)
  An acid dragon (D:6)
  6 water moccasins
  A black bear (D:11)
  14 orc warriors
  2 ogres
  20 wolves
  3 centaurs
  A lemure (D:5)
  3 kobold brigands (D:9)
  5 bullfrogs
  A gnoll sergeant (D:11)
  A scorpion (D:11)
  A wyvern zombie (D:8)
  5 killer bees (D:7)
  3 howler monkeys
  2 bullfrog skeletons
  2 hounds
  6 orc priests
  A centaur skeleton (D:7)
  Jessica (D:3)
  Terence (D:3)
  2 iguanas
  8 orc wizards
  A hell rat (Lair:2)
  A hound skeleton (D:4)
  A mummy (Ossuary)
  A gnoll (D:11)
  9 adders
  2 river rats (D:3)
  A shadow imp (D:8)
  2 white imps
  3 worms
  2 dart slugs
  38 orcs
  2 spectral bats (Ossuary)
  6 bats
  6 endoplasms
  6 giant cockroaches
  6 gnoll zombies (Ossuary)
  7 goblins
  3 hobgoblins
  5 jackals
  6 quokkas
  8 ball pythons
  A bat simulacrum (Ossuary)
  A frilled lizard (D:1)
  4 goblin zombies (Ossuary)
  2 hobgoblin zombies (Ossuary)
  21 kobolds
  6 kobold zombies (Ossuary)
  2 orc zombies (Ossuary)
  7 rats
  A spectral goblin (Ossuary)
  5 spectral kobolds (Ossuary)
  A spectral rat (Ossuary)
356 creatures vanquished.

Vanquished Creatures (collateral kills)
  An orc warlord (Orc:1)
  Snorg (D:11)
  2 boulder beetles
  5 hydras
  2 catoblepae (Lair:6)
  5 death yaks (Lair:4)
  A deep troll shaman (Lair:6)
  3 orc knights
  2 lindwurms
  A manticore (D:11)
  An oklob plant (Lair:4)
  2 black mambas
  9 elephants
  8 cane toads
  2 gargoyles
  5 komodo dragons
  A rime drake (Lair:2)
  3 trolls
  A polar bear (Lair:6)
  A hornet (D:10)
  7 blink frogs
  4 spriggans (Lair:6)
  A wraith (D:12)
  2 wyverns (Lair:4)
  27 yaks
  A basilisk (Lair:4)
  A steam dragon (D:8)
  2 vampire mosquitoes (D:12)
  A swamp worm (Lair:2)
  A warg (Orc:2)
  10 water moccasins
  An ice beast (D:7)
  6 orc warriors
  A black bear (D:6)
  2 ogres
  15 wolves
  A centaur (D:6)
  2 phantoms
  2 lemures (D:5)
  8 bullfrogs
  2 scorpions
  A killer bee (D:11)
  A howler monkey (D:7)
  3 orc priests
  A centaur skeleton (D:4)
  An orc wizard (Orc:1)
  2 gnolls (D:11)
  2 howler monkey skeletons
  A shadow imp (D:6)
  16 orcs
  2 bat simulacra (Ossuary)
  6 gnoll zombies (Ossuary)
  4 goblin simulacra (Ossuary)
  2 goblin zombies (Ossuary)
  2 kobold simulacra (Ossuary)
  A kobold zombie (Ossuary)
  An orc zombie (Ossuary)
199 creatures vanquished.

Vanquished Creatures (others)
  A lindwurm (Lair:2)
  An electric eel (Lair:2)
  2 bushes (Lair:4)
  60 fungi
  109 plants
  5 snaplasher vines
  8 toadstools (Lair:2)
186 creatures vanquished.

Grand Total: 741 creatures vanquished

Notes
Turn   | Place    | Note
-------+----------+-------------------------------------------
     0 | D:1      | robertstho the Djinni Ice Elementalist began the quest for
                  | the Orb.
     0 | D:1      | Reached XP level 1. HP: 15/15 MP: 0/0
   239 | D:1      | Reached XP level 2. HP: 9/21 MP: 0/0
   293 | D:1      | Reached skill level 4 in Spellcasting
   942 | D:1      | Found a snail-covered altar of Cheibriados.
  1686 | D:2      | Reached XP level 3. HP: 22/26 MP: 0/0
  1686 | D:2      | Learned a level 1 spell: Pain
  2200 | D:2      | Found a blossoming altar of Fedhas.
  2516 | D:2      | Reached XP level 4. HP: 26/31 MP: 0/0
  2714 | D:2      | Found a sacrificial altar of Ru.
  2751 | D:3      | Noticed Jessica
  2753 | D:3      | Killed Jessica
  2754 | D:3      | Reached skill level 1 in Fighting
  2944 | D:3      | Noticed Terence
  2957 | D:3      | Killed Terence
  2958 | D:3      | Reached XP level 5. HP: 22/37 MP: 0/0
  2958 | D:3      | Learned a level 2 spell: Passwall
  3338 | D:3      | Reached skill level 1 in Short Blades
  3338 | D:3      | Reached skill level 5 in Spellcasting
  4096 | D:3      | Noticed a phantom
  4114 | D:3      | Killed a phantom
  4115 | D:3      | Reached XP level 6. HP: 17/43 MP: 0/0
  4630 | D:4      | Reached XP level 7. HP: 18/49 MP: 0/0
  4630 | D:4      | Learned a level 2 spell: Poisonous Vapours
  4917 | D:4      | Found a glowing silver altar of Zin.
  5106 | D:4      | Reached skill level 6 in Spellcasting
  5107 | D:4      | Found a staircase to the Ecumenical Temple.
  5148 | Temple   | Entered the Ecumenical Temple
  5365 | Temple   | Became a worshipper of Gozag Ym Sagoz the Greedy
  5538 | D:5      | Entered Level 5 of the Dungeon
  5539 | D:5      | You are sucked into a shaft and drop 3 floors!
  5669 | D:7      | Noticed a yak
  5671 | D:7      | Noticed a yak
  5671 | D:7      | Noticed a yak
  5672 | D:7      | Noticed a yak
  5712 | D:6      | Found a stormy altar of Qazlal.
  5757 | D:6      | HP: 2/49 [centaur/arrow (11)]
  5761 | D:6      | Reached XP level 8. HP: 39/55 MP: 0/0
  5784 | D:6      | Reached skill level 1 in Shields
  5784 | D:6      | Reached skill level 7 in Spellcasting
  5804 | D:5      | Noticed Pikel
  5837 | D:5      | Killed Pikel
  5887 | D:5      | Found a sand-covered staircase.
  5893 | Ossuary  | Entered an ossuary
  7301 | D:5      | Noticed Menkaure
  7312 | D:5      | Killed Menkaure
  7718 | D:6      | Reached skill level 8 in Spellcasting
  7791 | D:6      | Reached XP level 9. HP: 21/62 MP: 0/0
  7791 | D:6      | Learned a level 3 spell: Mephitic Cloud
  8617 | D:7      | Reached skill level 9 in Spellcasting
  9367 | D:8      | Found a sacrificial altar of Ru.
  9624 | D:8      | Noticed a hornet
  9628 | D:8      | Killed a hornet
  9799 | D:8      | Reached XP level 10. HP: 25/69 MP: 0/0
 10020 | D:8      | Found an iron altar of Okawaru.
 10202 | D:8      | Found Pyerinikh's Serpentskin Sales.
 10296 | D:8      | Found a basalt altar of Yredelemnul.
 10708 | D:9      | Reached skill level 10 in Spellcasting
 10719 | D:9      | Noticed a seven-headed hydra
 10725 | D:9      | Killed a seven-headed hydra
 10726 | D:9      | Reached skill level 5 in Fighting
 11129 | D:9      | Noticed a boulder beetle
 11140 | D:9      | Killed a boulder beetle
 11173 | D:9      | Reached skill level 11 in Spellcasting
 11659 | D:9      | Found a sparkling altar of Nemelex Xobeh.
 11981 | D:9      | Noticed a gargoyle
 11990 | D:9      | Killed a gargoyle
 12055 | D:9      | Found a hazy altar of Hepliaklqana.
 12056 | D:9      | Paralysed by a kobold brigand for 3 turns
 12062 | D:9      | Found a faded altar of an unknown god.
 12245 | D:10     | Entered Level 10 of the Dungeon
 12251 | D:10     | Noticed a two-headed ogre
 12266 | D:10     | Killed a two-headed ogre
 12551 | D:10     | Reached XP level 11. HP: 56/76 MP: 0/0
 12551 | D:10     | Learned a level 4 spell: Ice Form
 12733 | D:10     | Noticed a two-headed ogre
 12742 | D:10     | Killed a two-headed ogre
 13192 | D:11     | Found a staircase to the Orcish Mines.
 13590 | D:11     | Found a staircase to the Lair.
 13778 | D:11     | Noticed a cyclops
 13787 | D:11     | Reached skill level 12 in Spellcasting
 13791 | D:11     | Killed a cyclops
 13803 | D:11     | Noticed a manticore
 13811 | D:11     | Killed a manticore
 14212 | D:11     | Reached skill level 1 in Staves
 14261 | D:11     | Noticed a cyclops
 14267 | D:11     | Noticed a green ugly thing
 14270 | D:11     | Killed a green ugly thing
 14272 | D:11     | Killed a cyclops
 14803 | D:11     | Noticed Snorg
 14812 | D:11     | Killed Snorg
 15997 | Orc:1    | Entered Level 1 of the Orcish Mines
 15998 | Orc:1    | Noticed an orc warlord
 16004 | Orc:1    | Noticed an orc knight
 16007 | Orc:1    | Reached skill level 13 in Spellcasting
 16007 | Orc:1    | Noticed a cyclops
 16317 | Lair:1   | Entered Level 1 of the Lair of Beasts
 16839 | Lair:1   | Noticed an eight-headed hydra
 16844 | Lair:1   | Killed an eight-headed hydra
 16845 | Lair:1   | Reached XP level 12. HP: 14/84 MP: 0/0
 17636 | Lair:2   | Noticed a six-headed hydra
 17636 | Lair:2   | Noticed an eight-headed hydra
 17642 | Lair:2   | Killed an eight-headed hydra
 17647 | Lair:2   | Killed a six-headed hydra
 18413 | Lair:2   | Noticed an eight-headed hydra
 18420 | Lair:2   | Killed an eight-headed hydra
 18420 | Lair:2   | Noticed a five-headed hydra
 18421 | Lair:2   | Reached skill level 14 in Spellcasting
 18427 | Lair:2   | Killed a five-headed hydra
 18716 | Lair:2   | Found a runed translucent gate.
 18719 | Lair:2   | Found a runed translucent gate.
 18719 | Lair:2   | Found a runed translucent gate.
 18721 | Lair:2   | Noticed Fan Mut's ghost (journeyman GnFi)
 18721 | Lair:2   | Noticed a quicksilver ooze
 18723 | Lair:2   | Found a viscous altar of Jiyva.
 19241 | Lair:2   | Found a runed translucent door.
 19492 | Lair:2   | Found a staircase to the Swamp.
 20097 | Lair:2   | Identified the +9 hunting sling "Ikhloarphi" {speed, rF+
                  | rN+ Int-5 Dex+2}
 20413 | Lair:3   | Found a staircase to the Snake Pit.
 21009 | Lair:3   | Reached XP level 13. HP: 77/92 MP: 0/0
 21009 | Lair:3   | Learned a level 5 spell: Summon Forest
 21357 | Lair:3   | Reached skill level 15 in Spellcasting
 22310 | Lair:4   | Reached skill level 5 in Dodging
 23037 | Lair:4   | Reached skill level 1 in Axes
 23823 | Lair:4   | Reached skill level 16 in Spellcasting
 25027 | Lair:5   | Found a staircase to the Slime Pits.
 25821 | Lair:6   | Entered Level 6 of the Lair of Beasts
 26336 | Lair:6   | Reached XP level 14. HP: 95/99 MP: 0/0
 27990 | Lair:6   | Identified the +0 chain mail of Silyr {Regen+ Int-3 Dex+4}
 29234 | D:11     | Bought a potion of might for 56 gold pieces
 29234 | D:11     | Bought a potion of brilliance for 56 gold pieces
 29234 | D:11     | Bought a potion of lignification for 42 gold pieces
 29234 | D:11     | Bought a potion of curing for 42 gold pieces
 29234 | D:11     | Bought a potion of degeneration for 14 gold pieces
 29234 | D:11     | Bought a potion of cancellation for 112 gold pieces
 29238 | D:11     | Bought the +1 robe of Lilacs {Will++ Str+4 SInv} for 505
                  | gold pieces
 29276 | Orc:1    | Killed an orc warlord
 29562 | Orc:1    | You are sucked into a shaft and drop 1 floor!
 29562 | Orc:2    | Entered Level 2 of the Orcish Mines
 29632 | Orc:2    | Found a staircase to the Elven Halls.
 29687 | Orc:2    | Reached skill level 17 in Spellcasting
 29769 | Orc:2    | Noticed Urug
 29772 | Orc:2    | HP: 4/101 [Urug/+1 broad axe of freezing (27)]
 29772 | Orc:2    | Mangled by Urug

Illustrated notes

Levels and vault maps discovered:
D:1:      mrwooster_arrival_statue_3, layout_basic, cheibriados_altar_1
D:2:      layout_rooms, general_overflow_altar, nicolae_ru_the_path_less_chosen
D:3:      kennysheep_big_flooded_room, layout_basic, portal_sewer_entry_b,
          uniq_jessica, uniq_terence
D:4:      layout_cave_pools, zin_treasury, minmay_temple_entry_overgrown
D:5:      layout_rooms, lightli_ossuary_entry_decrepit_ruins, uniq_menkaure,
          uniq_pikel
D:6:      layout_cave_pools, overflow_temple_1_default
D:7:      layout_cave_pools
D:8:      layout_basic, marbit_many_paths, nicolae_overflow_hidden_temple,
          yredelemnul_altar_generic, nicolae_overflow_crystal_walls,
          basic_altar, guppyfry_shop_venom
D:9:      layout_roguey, nemelex_altar_shiori,
          beargit_hepliaklqana_dungeon_heroes
D:10:     layout_irregular_city
D:11:     layout_basic, due_lair_maze_entry_diamond, minmay_fractal_squares_5,
          uniq_snorg
D:12:     layout_rooms, serial_corexii_hall, chequers_hall_statues_corner_a,
          chequers_hall_statues_wall_a
Temple:   minmay_freezing_vapour_temple
Lair:1:   statuecave_lemuel, layout_long_grid
Lair:2:   gammafunk_lair_enchanted_lake, layout_misc_corridors,
          palyth_hydra_swamp_entry, gammafunk_ghost_endoplasm,
          grunt_megastairs_4
Lair:3:   layout_loops_ring, guppyfry_snake_entry_garden, grunt_megastairs_5
Lair:4:   layout_loops_ring, minmay_lair_oklob_chamber
Lair:5:   layout_misc_corridors, dpeg_slime_entry_corner, nzn_sisyphean_effort
Lair:6:   grunt_lair_end_beastmaster, layout_regular_city, wad_woods_01
Orc:1:    layout_diamond_mine, basic_altar, statue_in_the_mist_lemuel
Orc:2:    st_orc_town, layout_diamond_mine, enter_volcano_1, mines1_david,
          uniq_urug

Skill      XL: |  1  2  3  4  5  6  7  8  9 10 11 12 13 14 |
---------------+-------------------------------------------+-----
Spellcasting   | 4 5 6 8 9 11 13 14 16 17 | 17.1
Fighting       | 1 2 3 4 5 6 7 8 9 |  9.2
Short Blades   | 1 2 3 4 |  4.1
Stealth        | 2 3 4 |  4.6
Dodging        | 3 4 5 |  5.3
Shields        | 1 2 3 |  3.6
Staves         | 1 |  1.5
Axes           | 1 2 |  2.2
Unarmed Combat | |  0.1

Action                   |  1- 3 |  4- 6 |  7- 9 | 10-12 | 13-15 || total
-------------------------+-------+-------+-------+-------+-------++-------
Melee: Dagger            |    49 |    71 |   128 |    33 |       ||   281
       Quarterstaff      |       |       |       |    19 |       ||    19
       Unarmed           |       |       |       |     7 |       ||     7
       Battleaxe         |       |       |       |     3 |    40 ||    43
 Cast: Freeze            |    50 |    22 |    23 |     7 |     8 ||   110
       Frozen Ramparts   |       |     5 |     7 |    14 |     2 ||    28
       Ozocubu's Armour  |       |     3 |     1 |     2 |     2 ||     8
       Summon Ice Beast  |       |     2 |    59 |   148 |   146 ||   355
       Hailstorm         |       |     4 |    42 |   124 |   109 ||   279
       Ice Form          |       |       |       |     1 |       ||     1
       Summon Forest     |       |       |       |       |    18 ||    18
Invok: Call Merchant     |       |       |     1 |       |     2 ||     3
       Potion Petition   |       |       |       |       |     1 ||     1
  Use: Potion            |     1 |       |     5 |     2 |     3 ||    11
       Scroll            |       |     4 |    11 |     4 |     3 ||    22
 Stab: Sleeping          |     1 |     1 |     4 |     1 |     1 ||     8
       Distracted        |       |       |     1 |       |     1 ||     2
Armor: Robe              |    18 |     9 |    32 |    11 |    14 ||    84
       Skin              |       |       |       |     2 |       ||     2
Dodge: Dodged            |    60 |    44 |   103 |    77 |    79 ||   363
Block: Other             |       |       |    35 |    22 |    30 ||    87
       Reflection        |       |       |     1 |     1 |       ||     2

Table legend: (Time is in decaauts)
 A = Elapsed time spent in this place.
 B = Non-inter-level travel time spent in this place.
 C = Inter-level travel time spent in this place.
 D = Time resting spent in this place.
 E = Time spent auto-exploring this place.
 F = Levels seen in this place.
 G = Mean time per level.
                   A        B        C        D        E       F      G
               +--------+--------+--------+--------+--------+-----+--------+
         Total |  29771 |  29075 |    696 |   2994 |  22421 |  22 | 1353.2 |
       Dungeon |  15287 |  14987 |    300 |   1142 |  11929 |  12 | 1273.9 |
        Temple |    222 |    209 |     13 |      0 |    208 |   1 |  222.0 |
          Lair |  12404 |  12049 |    355 |   1668 |   9085 |   6 | 2067.3 |
  Orcish Mines |    530 |    503 |     27 |      0 |    312 |   2 |  265.0 |
       Ossuary |   1326 |   1326 |      0 |    184 |    887 |   1 | 1326.0 |
               +--------+--------+--------+--------+--------+-----+--------+

Top non-repeatable levels by time:
    D:11: 3132 daAuts
  Lair:6: 2821 daAuts
  Lair:4: 2535 daAuts
  Lair:2: 2274 daAuts
  Lair:3: 2195 daAuts
     D:3: 1727 daAuts
     D:9: 1643 daAuts
  Lair:1: 1618 daAuts
     D:1: 1482 daAuts
 Ossuary: 1326 daAuts
     D:2: 1267 daAuts
     D:8: 1265 daAuts
     D:6: 1209 daAuts
  Lair:5: 958 daAuts
    D:10: 948 daAuts
